 Dungeon Crawl Stone Soup version 0.31-a0-7-g5178367 (webtiles) character file.

Game seed: 9962415058931232083

1129 Nithhogg the Chopper (level 8, -1/71 HPs)
             Began as a Hill Orc Fighter on May 5, 2023.
             Was a Follower of Zin.
             Slain by a gnoll
             ... wielding a +0 spear
             ... led by a gnoll sergeant
              (7 damage)
             ... on level 5 of the Dungeon.
             The game lasted 00:07:11 (4453 turns).

Nithhogg the Chopper (Hill Orc Fighter)             Turns: 4453, Time: 00:07:11

Health: -1/71      AC:  7    Str: 21    XL:     8   Next: 35%
Magic:  12/12      EV:  9    Int:  8    God:    Zin [*.....]
Gold:   141        SH:  0    Dex: 10    Spells: 7/7 levels left

rFire   . . .        a - +0 war axe
rCold   . . .        (no shield)
rNeg    . . .        b - +0 scale mail
rPois   .            (no helmet)
rElec   .            (no cloak)
rCorr   .            (no gloves)
SInv    +            (no boots)
Will    .....        (no amulet) Stlth
                     q - ring of see invisible
HPRegen 0.31/turn    r - +4 ring of slaying
MPRegen 0.13/turn

%: no passive effects
@: marked
A: no striking features
a: Renounce Religion, Recite, Donate Gold


You were on level 5 of the Dungeon.
You worshipped Zin.
Zin was aware of your devotion.
You visited 1 branch of the dungeon, and saw 5 of its levels.

You collected 156 gold pieces.
You donated 15 gold pieces to Zin.

Inventory:

Hand Weapons
 a - a +0 war axe (weapon)
 j - a +0 vampiric war axe
 l - a +1 vampiric whip
Armour
 b - a +0 scale mail (worn)
 c - a +0 buckler
Jewellery
 p - a ring of ice
 q - a ring of see invisible (left hand)
 r - a +4 ring of slaying (right hand)
Wands
 u - a wand of iceblast (12)
Scrolls
 e - a scroll of teleportation
 f - 2 scrolls of magic mapping {unknown}
 g - a scroll of torment
 m - 2 scrolls of identify
 o - 2 scrolls of enchant weapon
 t - a scroll of amnesia {unknown}
 v - a scroll of fear {unknown}
 y - a scroll of silence {unknown}
 A - a scroll of vulnerability {unknown}
Potions
 d - a potion of might
 h - a potion of degeneration
 i - a potion of flight {unknown}
 k - 4 potions of lignification {unknown}
 n - 2 potions of curing {unknown}
 s - a potion of cancellation {unknown}
 w - 2 potions of invisibility {unknown}
 x - 2 potions of brilliance {unknown}
 z - a potion of mutation {unknown}


   Skills:
 + Level 6.7 Fighting
 + Level 6.8 Axes
 + Level 6.2 Armour
 - Level 3.2 Shields
 + Level 6.0 Invocations


You had 7 spell levels left.
You didn't know any spells.
Your spell library contained the following spells:

 Spells                   Type           Power      Damage    Failure   Level
 Manifold Assault         Tloc           0%         N/A       100%        4
 Dispersal                Tloc           0%         N/A       100%        6
 Disjunction              Tloc           0%         N/A       100%        8


Dungeon Overview and Level Annotations

Branches:
Dungeon (5/15)
 Temple: D:4-7

Altars:
Uskayaw
Zin

Shops:
D:4 ==


Message History

You slash the centaur!
The centaur is almost dead.
The centaur hits you but does no damage.
The centaur closely misses you.
The centaur hits you but does no damage.
The centaur kicks you but does no damage.
You barely miss the centaur.
The centaur is almost dead.
The centaur hits you. The centaur barely misses you.
The centaur closely misses you. The centaur barely misses you.
You slash the centaur!
You kill the centaur!
A gnoll sergeant comes into view. It is wielding a +0 trident.
A gnoll comes into view. It is wielding a +0 club.
Things that are here:
a +0 shortbow; a centaur corpse A gnoll comes into view.
It is wielding a +0 spear.
A gnoll comes into view. It is wielding a +0 whip.
The gnoll sergeant hits you with a +0 trident.
* * * LOW HITPOINT WARNING * * *
A gnoll comes into view. It is wielding a +0 spear.
You see here a +0 scale mail.
You slice the gnoll sergeant!!
The gnoll sergeant is severely wounded.
The gnoll sergeant hits you with a +0 trident.
* * * LOW HITPOINT WARNING * * *
You closely miss the gnoll sergeant.
The gnoll sergeant is severely wounded.
The gnoll sergeant hits you with a +0 trident!
* * * LOW HITPOINT WARNING * * *
You slash the gnoll sergeant!
You kill the gnoll sergeant!
Your Invocations skill increases to level 6!
You closely miss the gnoll. The gnoll hits you with a +0 club.
* * * LOW HITPOINT WARNING * * *
The gnoll hits you but does no damage.
You slice the gnoll!!
You kill the gnoll!
The gnoll hits you from afar with a +0 spear!
You die...

...#.#...........#
.##.#............#
#.##.)..########.#
.#.#....# #.#
#.#.....# #)#
##......# #)#
........# #.#
........# #.#
##......# #@#
.#.....# #)#
.#.#....# #g# #
..... #g# .##. #g#
...#. #.. ....##
... ...... ....
)..... ...#


You could see 3 gnolls.

Vanquished Creatures
  An ice beast (D:5)
  3 ogres
  A centaur (D:5)
  A gnoll sergeant (D:5)
  3 scorpions
  A gnoll bouda (D:5)
  Crazy Yiuf (D:3)
  Jessica (D:3)
  3 iguanas
  Natasha (twice) (D:3)
  13 gnolls
  3 adders
  A shadow imp (D:5)
  2 worms
  A dart slug (D:2)
  8 orcs
  6 bats
  15 endoplasms
  3 giant cockroaches (D:2)
  9 goblins
  5 hobgoblins
  10 jackals
  6 kobolds
  2 quokkas
  3 ball pythons
  5 frilled lizards
  5 rats
114 creatures vanquished.

Vanquished Creatures (others)
  13 plants
13 creatures vanquished.

Grand Total: 127 creatures vanquished

Notes
Turn   | Place    | Note
-------+----------+-------------------------------------------
     0 | D:1      | Nithhogg the Hill Orc Fighter began the quest for the Orb.
     0 | D:1      | Reached XP level 1. HP: 19/19 MP: 1/1
   257 | D:1      | Reached XP level 2. HP: 26/27 MP: 2/2
   264 | D:1      | Reached skill level 1 in Invocations
  1102 | D:2      | Reached XP level 3. HP: 31/33 MP: 4/4
  1124 | D:2      | You fall into a shaft and drop 2 floors!
  1326 | D:3      | Reached XP level 4. HP: 40/40 MP: 5/5
  1648 | D:2      | Reached XP level 5. HP: 31/47 MP: 5/7
  1830 | D:3      | Noticed Natasha
  1835 | D:3      | Killed Natasha
  1929 | D:3      | Found a runed translucent door.
  1930 | D:3      | Noticed Crazy Yiuf
  2016 | D:3      | Killed Crazy Yiuf
  2155 | D:3      | Noticed Jessica
  2162 | D:3      | Killed Jessica
  2259 | D:3      | Reached XP level 6. HP: 43/55 MP: 8/8
  2492 | D:3      | Noticed Natasha
  2496 | D:3      | Killed Natasha
  2497 | D:3      | Reached skill level 5 in Fighting
  2735 | D:4      | Found a glowing silver altar of Zin.
  2777 | D:4      | Became a worshipper of Zin the Law-Giver
  2777 | D:4      | Reached * piety under Zin
  2907 | D:4      | Reached skill level 5 in Axes
  2946 | D:4      | Found Bog Cyja's One-of-a-Kind Rings.
  2998 | D:4      | Reached skill level 5 in Armour
  3161 | D:4      | Found Zeorauh's Jewellery Emporium.
  3167 | D:4      | Reached XP level 7. HP: 34/61 MP: 10/10
  3470 | D:5      | Entered Level 5 of the Dungeon
  3878 | D:5      | Found a hide-covered altar of Uskayaw.
  3890 | D:5      | Reached skill level 5 in Invocations
  4213 | D:5      | Reached XP level 8. HP: 50/71 MP: 10/12
  4453 | D:5      | Slain by a gnoll

Illustrated notes

Levels and vault maps discovered:
D:1:      ebering_trefoil_3fold, layout_basic
D:2:      layout_rooms
D:3:      layout_rooms, serial_bayou_pond_a, grunt_ministairs_5,
          amcnicky_mini_rare_corridor_liquid, corexii_leaking_fountain,
          minmay_surrounded, uniq_natasha, uniq_crazy_yiuf_cottage, uniq_jessica
D:4:      layout_loops_cross, mainiacjoe_overflow_24_doors, serial_shops,
          nicolae_diamond_shop, nicolae_shop_unique_rings, st_stairs_9,
          kennysheep_boxes
D:5:      layout_loops_ring, nicolae_uskayaw_murder_on_the_dancefloor,
          nicolae_qazlal_scattered_showers, minmay_misc_feat_secret_circle,
          roderic_serpentine_path

Skill      XL: |  1  2  3  4  5  6  7  8 |
---------------+-------------------------+-----
Axes           | 3 4 5 6 |  6.8
Invocations    | 1 2 3 4 5 6 |  6.0
Fighting       | 4 5 6 |  6.7
Armour         | 4 5 6 |  6.2
Shields        | |  3.2

Action                     |  1- 3 |  4- 6 |  7- 9 || total
---------------------------+-------+-------+-------++-------
  Melee: War axe           |    92 |   128 |    74 ||   294
         Punch             |     1 |       |     2 ||     3
    Use: Scroll            |       |     4 |       ||     4
         Potion            |       |     3 |       ||     3
 Armour: Scale mail        |    72 |    38 |    19 ||   129
  Dodge: Dodged            |    64 |    79 |    35 ||   178

Table legend: (Time is in decaauts)
 A = Elapsed time spent in this place.
 B = Non-inter-level travel time spent in this place.
 C = Inter-level travel time spent in this place.
 D = Time resting spent in this place.
 E = Time spent auto-exploring this place.
 F = Levels seen in this place.
 G = Mean time per level.
                   A        B        C        D        E       F      G
               +--------+--------+--------+--------+--------+-----+--------+
         Total |   4546 |   4394 |    152 |     20 |   3624 |   5 |  909.2 |
       Dungeon |   4546 |   4394 |    152 |     20 |   3624 |   5 |  909.2 |
               +--------+--------+--------+--------+--------+-----+--------+

Top non-repeatable levels by time:
     D:1: 1096 daAuts
     D:4: 1067 daAuts
     D:5: 996 daAuts
     D:3: 842 daAuts
     D:2: 544 daAuts
